 Dungeon Crawl Stone Soup version 0.22.1-2-g9c5b331383 (webtiles) character file.

30 Jerry the Skirmisher (level 3, 0/30 (31) HPs)
             Began as a Ghoul Fighter on Nov 27, 2018.
             Slain by an iguana (7 damage)
             ... on level 1 of the Dungeon.
             The game lasted 00:01:46 (760 turns).

Jerry the Skirmisher (Ghoul Fighter)                 Turns: 760, Time: 00:01:47

HP:   0/30 (31)     AC:  6    Str: 20    XL:     3   Next: 18%
MP:   2/2           EV:  7    Int:  3    God:
Gold: 103           SH:  8    Dex:  8    Spells: 2/2 levels left

rFire    . . .     SeeInvis .   a - +0 war axe
rCold    + . .     Gourm    .   c - +0 shield
rNeg     + + +     Faith    .   b - +0 scale mail
rPois    ∞         Spirit   .   (no helmet)
rElec    .         Reflect  .   (no cloak)
rCorr    .         Harm     .   (no gloves)
MR       .....                  (no boots)
Stlth    ..........             (no amulet)
HPRegen  0.00/turn              (no ring)
MPRegen  0.08/turn              (no ring)

@: rotting
A: rotting body, claws 1, carnivore, cold resistance 1, negative energy
resistance 3, inhibited regeneration, torment resistance, unbreathing
a: no special abilities


You were on level 1 of the Dungeon.
You were not hungry.

You visited 1 branch of the dungeon, and saw 2 of its levels.

You collected 103 gold pieces.

Inventory:

Hand Weapons
 a - a +0 war axe (weapon)
Armour
 b - a +0 scale mail (worn)
 c - a +0 shield (worn)
Scrolls
 e - 3 scrolls of amnesia {unknown}
 h - a scroll of identify {unknown}
 i - a scroll of remove curse {unknown}
 j - a scroll of fear {unknown}
Potions
 d - a potion of might
 g - a potion of heal wounds {unknown}
Comestibles
 f - 5 rations


   Skills:
 + Level 3.5 Fighting
 * Level 2.3 Axes
 + Level 2.9 Armour
 + Level 0.7 Dodging
 + Level 2.8 Shields


You had 2 spell levels left.
You didn't know any spells.
Your spell library was empty.

Dungeon Overview and Level Annotations

Branches:
Dungeon (2/15)

Altars:
Kikubaaqudgha
Xom


Innate Abilities, Weirdness & Mutations

Your body is rotting away.
You thrive on raw meat.
You are immune to poison.
You have sharp fingernails.
You are carnivorous and can eat meat at any time.
Your flesh is cold resistant. (rC+)
You are immune to negative energy. (rN+++)
You do not regenerate when monsters are visible.
You are immune to unholy pain and torment.
You can survive without breathing.


Message History

The iguana is heavily wounded.
The iguana bites you but does no damage.
Your shield and scale mail prevent you from hitting the iguana.
The iguana is heavily wounded.
The iguana barely misses you. The iguana closely misses you.
You hit the iguana.
The iguana is almost dead.
The iguana bites you but does no damage.
You hit the iguana but do no damage.
The iguana is almost dead.
You block the iguana's attack. x2
You closely miss the iguana.
The iguana is almost dead.
The iguana bites you.
* * * LOW HITPOINT WARNING * * *
The iguana barely misses you.
Your shield and scale mail prevent you from hitting the iguana.
The iguana is almost dead.
The iguana bites you!
You die...

#.≈≈≈≈≈.≈≈≈≈≈.≈≈≈≈≈.≈≈≈≈
#.≈###≈.≈###≈.≈###≈.≈###
####.≈# #≈.≈# #≈.≈# #≈.≈# #
##....≈###≈.≈###≈.≈###≈.≈###
#...#.≈≈≈≈≈.≈≈≈≈≈.≈≈≈≈≈.≈≈≈≈
#...#.......................
#...#.###..###.##...####.###
##.....##..###.....## #.###
####......@#####..## #....
##.##.#.l.......# ###.#
#.##.########..######.#
#.##.# #.......... #.##.#
#..#####.## #....#
###...#....#
#..#.######.......####
#...........#.#.###
#....########.#..######


You could see an iguana.

Vanquished Creatures
  A gnoll (D:1)
  A dart slug (D:1)
  3 leopard geckos
  A ball python (D:1)
  2 goblins (D:1)
  A hobgoblin (D:1)
  2 bats (D:1)
  2 frilled lizards
  2 kobolds (D:1)
  A rat (D:1)
16 creatures vanquished.

Notes
Turn   | Place    | Note
-------+----------+-------------------------------------------
     0 | D:1      | Jerry the Ghoul Fighter began the quest for the Orb.
     0 | D:1      | Reached XP level 1. HP: 19/19 MP: 0/0
   116 | D:1      | Reached XP level 2. HP: 10/26 MP: 1/1
   280 | D:1      | Reached XP level 3. HP: 31/31 MP: 2/2
   657 | D:2      | Found a shimmering altar of Xom.
   658 | D:2      | Found an ancient bone altar of Kikubaaqudgha.
   760 | D:1      | Slain by an iguana

Skill      XL: |  1 |
---------------+----+-----
Axes           | 2 |  2.3
Fighting       | |  3.5
Armour         | |  2.9
Dodging        | |  0.7
Shields        | |  2.8

Action                   || total
-------------------------++-------
Melee: War axe           ||    52
  Eat: Chunk             ||     6
Armor: Scale mail        ||    22
Dodge: Dodged            ||    23
Block: Shield            ||    20
